 Dungeon Crawl Stone Soup version 0.27.1-33-g824d729ab1 (webtiles) character file.

Game seed: 6827710462035379024

1201 jlumianski the Ducker (level 8, -2/67 HPs)
             Began as a Gnoll Monk on Dec 27, 2021.
             Was a Priest of Zin.
             Slain by Sarah's ghost (18 damage)
             ... on level 4 of the Dungeon.
             The game lasted 00:33:58 (4737 turns).

jlumianski the Ducker (Gnoll Monk)                  Turns: 4737, Time: 00:34:00

Health: -2/67      AC:  4    Str: 15    XL:     8   Next: 44%
Magic:  2/4        EV: 15    Int: 10    God:    Zin [***...]
Gold:   173        SH:  0    Dex: 15    Spells: 11/13 levels left

rFire    . . .     SeeInvis .   x - +1 hand axe (antimagic)
rCold    . . .     Faith    .   (no shield)
rNeg     . . .     Spirit   .   q - +0 leather armour
rPois    ∞         Reflect  .   (no helmet)
rElec    .         Harm     .   (no cloak)
rCorr    .         Rampage  .   (no gloves)
Will     .....                  k - +0 pair of boots
Stlth    +++.......             f - amulet of regeneration
HPRegen  1.21/turn              (no ring)
MPRegen  0.09/turn              (no ring)

@: vitalised, on recite cooldown, studying Dodging
A: fangs 1, strong nose, distributed training
a: Renounce Religion, Recite, Vitalisation, Imprison, Donate Gold


You were on level 4 of the Dungeon.
You worshipped Zin.
Zin was most pleased with you.
You visited 1 branch of the dungeon, and saw 5 of its levels.

You collected 192 gold pieces.
You donated 19 gold pieces to Zin.

Inventory:

Hand Weapons
 a - a +1 hand axe
 s - a +0 hunting sling
 w - a +0 hand crossbow
 x - a +1 antimagic hand axe (weapon)
 z - a +0 glaive
 A - a +3 shortbow
Missiles
 e - 99 stones (quivered)
 g - 25 sling bullets
 j - 25 bolts
 p - 26 poisoned darts
 t - 2 boomerangs of dispersal
 v - 4 boomerangs
Armour
 b - a +0 robe
 k - a +0 pair of boots (worn)
 m - a +0 chain mail
 q - a +0 leather armour (worn)
 B - a +4 ring mail
Jewellery
 f - an amulet of regeneration (around neck)
Wands
 u - a wand of mindburst (21)
Scrolls
 c - 3 scrolls of fear
 h - a scroll of fog
 y - a scroll of enchant weapon
Potions
 d - 2 potions of curing
 i - 2 potions of haste
 l - 2 potions of heal wounds
 n - 2 potions of magic
 o - a potion of ambrosia
 r - a potion of flight {unknown}


   Skills:
 + Level 7.4 Fighting
 + Level 3.2 Short Blades
 + Level 3.2 Long Blades
 + Level 7.4 Axes
 + Level 3.2 Maces & Flails
 + Level 3.2 Polearms
 + Level 3.2 Staves
 + Level 3.2 Slings
 + Level 3.2 Bows
 + Level 3.2 Crossbows
 + Level 3.2 Throwing
 + Level 3.2 Armour
 + Level 7.5 Dodging
 + Level 5.3 Stealth
 + Level 3.2 Shields
 + Level 3.2 Unarmed Combat
 + Level 3.2 Spellcasting
 + Level 2.6 Conjurations
 + Level 2.6 Hexes
 + Level 2.6 Summonings
 + Level 2.6 Necromancy
 + Level 2.6 Translocations
 + Level 2.6 Transmutations
 + Level 2.6 Fire Magic
 + Level 2.6 Ice Magic
 + Level 2.6 Air Magic
 + Level 2.6 Earth Magic
 + Level 2.6 Poison Magic
 + Level 3.6 Invocations
 + Level 3.2 Evocations


You had 11 spell levels left.
You knew the following spells:

 Your Spells              Type           Power      Damage    Failure   Level
a - Corona                Hex            6%         N/A       12%         1
b - Summon Small Mammal   Summ           24%        N/A       12%         1

Your spell library contained the following spells:

 Spells                   Type           Power      Damage    Failure   Level
 Animate Skeleton         Necr           12%        N/A       12%         1
 Apportation              Tloc           12%        N/A       12%         1
 Stone Arrow              Conj/Erth      12%        3d7       34%         3
 Animate Armour           Summ/Erth      12%        N/A       75%         4
 Lehudib's Crystal Spear  Conj/Erth      3%         10d2      100%        8


Dungeon Overview and Level Annotations

Branches:
Dungeon (5/15)             Temple (0/1) D:4

Altars:
Ashenzari
Fedhas
Zin
Beogh

Annotations:
D:4 Sarah's ghost, novice HuHu


Innate Abilities, Weirdness & Mutations

You have very sharp teeth.
Your uncanny sense of smell can sniff out nearby items.
Your experience applies equally to all skills.


Message History

* * * LOW HITPOINT WARNING * * *
You hit Sarah's ghost.
Sarah's ghost is lightly damaged.
Sarah's ghost hits you.
* * * LOW HITPOINT WARNING * * *
Aiming: Mindburst
Press: ? - help, Shift-Dir - straight line, f - Sarah's ghost
Aim: Sarah's ghost, wielding a weapon of electrocution (lightly damaged, chance to affect: 46%)
Okay, then.
Unknown command.
Unknown command.
You feel much better. Sarah's ghost hits you.
You are electrocuted!
* * * LOW HITPOINT WARNING * * *
You closely miss Sarah's ghost.
Sarah's ghost is lightly damaged.
You closely miss Sarah's ghost.
Sarah's ghost is lightly damaged.
Sarah's ghost misses you.
You hit Sarah's ghost.
Sarah's ghost is lightly damaged.
Sarah's ghost hits you!
* * * LOW HITPOINT WARNING * * *
You hit Sarah's ghost but do no damage.
Sarah's ghost is lightly damaged.
Sarah's ghost hits you.
* * * LOW HITPOINT WARNING * * *
Okay, then.
Unknown command.
Okay, then.
Unknown command.
Casting: Summon Small Mammal (safe; 12% risk of failure)
Confirm with . or Enter, or press ? or * to list all spells.
Sarah's ghost completely misses you.
You hit Sarah's ghost.
You bite Sarah's ghost, but do no damage.
Sarah's ghost is lightly damaged.
Your bat barely misses Sarah's ghost.
Sarah's ghost hits you but does no damage.
You are electrocuted!!
You die...

#.# #.# #####.# #..# #.#
#.# #.....# #... #.# #.#
#.##### #.## #.# #.# #.#
#... #.# #.#########.#
##.# #.# ###...........#
#.# #.###...########..#
#.# #.##P.P.# ###.b# #.#
#.###.#### #@W..# #.#
#.P#...#P#####)#.## #.#
#....>.......#.#.# #.#
#.P#...#P###.#.#.# #.#
#.###.#####....#.# #.#
#.##P.P........#.# #.#
#.###...###....#.# #.# #.#
##..######.#.# #.# #.#
#...........############.#


You could see Sarah's ghost (ally target) and a friendly bat (summoned).

Vanquished Creatures
  2 necrophages (D:4)
  An ogre (D:4)
  A centaur (D:5)
  A scorpion (D:5)
  A wight (D:4)
  A howler monkey (D:4)
  A bullfrog zombie (D:5)
  4 hounds
  3 orc priests (D:4)
  A bullfrog skeleton (D:5)
  A centaur skeleton (D:4)
  2 iguanas
  Natasha (thrice) (D:2)
  A howler monkey skeleton (D:5)
  6 adders
  A shadow imp (D:5)
  3 ufetubi
  2 adder skeletons (D:4)
  A worm (D:2)
  A dart slug (D:2)
  20 orcs
  7 bats
  13 endoplasms
  4 giant cockroaches
  7 goblins
  9 hobgoblins
  5 jackals
  8 kobolds
  4 quokkas
  8 ball pythons
  2 frilled lizards
  3 rats
127 creatures vanquished.

Vanquished Creatures (collateral kills)
  A water moccasin (D:5)
1 creature vanquished.

Grand Total: 128 creatures vanquished

Notes
Turn   | Place    | Note
-------+----------+-------------------------------------------
     0 | D:1      | jlumianski the Gnoll Monk began the quest for the Orb.
     0 | D:1      | Reached XP level 1. HP: 23/23 MP: 1/1
   147 | D:2      | Reached XP level 2. HP: 27/29 MP: 2/2
   180 | D:2      | Noticed Natasha
   245 | D:1      | Found a faded altar of an unknown god.
   375 | D:1      | Reached XP level 3. HP: 35/35 MP: 3/3
   846 | D:2      | Killed Natasha
   847 | D:2      | Reached skill level 1 in Short Blades
   847 | D:2      | Reached skill level 1 in Long Blades
   847 | D:2      | Reached skill level 1 in Maces & Flails
   847 | D:2      | Reached skill level 1 in Polearms
   847 | D:2      | Reached skill level 1 in Staves
   847 | D:2      | Reached skill level 1 in Slings
   847 | D:2      | Reached skill level 1 in Bows
   847 | D:2      | Reached skill level 1 in Crossbows
   847 | D:2      | Reached skill level 1 in Throwing
   847 | D:2      | Reached skill level 1 in Armour
   847 | D:2      | Reached skill level 1 in Shields
   847 | D:2      | Reached skill level 1 in Unarmed Combat
   847 | D:2      | Reached skill level 1 in Spellcasting
   847 | D:2      | Reached skill level 1 in Invocations
   847 | D:2      | Reached skill level 1 in Evocations
   847 | D:2      | Reached XP level 4. HP: 34/41 MP: 5/5
   861 | D:2      | Noticed Natasha
   885 | D:2      | Killed Natasha
   900 | D:2      | Found a blossoming altar of Fedhas.
   916 | D:2      | Learned a level 1 spell: Corona
   952 | D:2      | Reached skill level 1 in Conjurations
   952 | D:2      | Reached skill level 1 in Hexes
   952 | D:2      | Reached skill level 1 in Summonings
   952 | D:2      | Reached skill level 1 in Necromancy
   952 | D:2      | Reached skill level 1 in Translocations
   952 | D:2      | Reached skill level 1 in Transmutations
   952 | D:2      | Reached skill level 1 in Fire Magic
   952 | D:2      | Reached skill level 1 in Ice Magic
   952 | D:2      | Reached skill level 1 in Air Magic
   952 | D:2      | Reached skill level 1 in Earth Magic
   952 | D:2      | Reached skill level 1 in Poison Magic
  1235 | D:2      | Noticed Natasha
  1249 | D:2      | Killed Natasha
  1250 | D:2      | Reached XP level 5. HP: 38/47 MP: 4/7
  2244 | D:4      | Noticed a necrophage
  2325 | D:4      | Killed a necrophage
  2326 | D:4      | Reached XP level 6. HP: 30/53 MP: 6/8
  2574 | D:4      | Found a glowing silver altar of Zin.
  2583 | D:4      | Became a worshipper of Zin the Law-Giver
  2583 | D:4      | Reached * piety under Zin
  2583 | D:4      | Reached ** piety under Zin
  2662 | D:4      | Found a staircase to the Ecumenical Temple.
  2787 | D:4      | Found a broken altar of Ashenzari.
  2842 | D:4      | Reached *** piety under Zin
  3190 | D:4      | Reached XP level 7. HP: 54/59 MP: 8/10
  3394 | D:5      | Entered Level 5 of the Dungeon
  3417 | D:5      | Reached skill level 5 in Stealth
  3860 | D:5      | Reached XP level 8. HP: 32/67 MP: 12/12
  3914 | D:5      | Learned a level 1 spell: Summon Small Mammal
  4088 | D:5      | Found a runed translucent gate.
  4089 | D:5      | Found a runed translucent gate.
  4090 | D:5      | Found a runed translucent gate.
  4090 | D:5      | Noticed Sarah's ghost (novice HuHu)
  4737 | D:4      | Slain by Sarah's ghost

Illustrated notes

Levels and vault maps discovered:
D:1:      roderic_crossed_star, layout_loops_ring,
          hellmonk_ecumenical_altar_heavens_door
D:2:      layout_rooms, basic_altar, kennysheep_generic_room_15, uniq_natasha
D:3:      layout_basic, minmay_between
D:4:      minmay_octagon_keep, layout_loops_ring,
          mainiacjoe_overflow_catch_the_wave, minmay_temple_entry_gardened_gates
D:5:      layout_cave_pools, biasface_ghost_orc_armoury,
          minmay_manual_monstrance

Skill      XL: |  1  2  3  4  5  6  7  8 |
---------------+-------------------------+-----
Short Blades   | 1 2 3 |  3.2
Long Blades    | 1 2 3 |  3.2
Maces & Flails | 1 2 3 |  3.2
Polearms       | 1 2 3 |  3.2
Staves         | 1 2 3 |  3.2
Slings         | 1 2 3 |  3.2
Bows           | 1 2 3 |  3.2
Crossbows      | 1 2 3 |  3.2
Throwing       | 1 2 3 |  3.2
Armour         | 1 2 3 |  3.2
Shields        | 1 2 3 |  3.2
Unarmed Combat | 1 2 3 |  3.2
Spellcasting   | 1 2 3 |  3.2
Invocations    | 1 2 3 |  3.6
Evocations     | 1 2 3 |  3.2
Conjurations   | 1 2 |  2.6
Hexes          | 1 2 |  2.6
Summonings     | 1 2 |  2.6
Necromancy     | 1 2 |  2.6
Translocations | 1 2 |  2.6
Transmutations | 1 2 |  2.6
Fire Magic     | 1 2 |  2.6
Ice Magic      | 1 2 |  2.6
Air Magic      | 1 2 |  2.6
Earth Magic    | 1 2 |  2.6
Poison Magic   | 1 2 |  2.6
Fighting       | 7 |  7.4
Axes           | 7 |  7.4
Dodging        | 7 |  7.5
Stealth        | 5 |  5.3

Action                   |  1- 3 |  4- 6 |  7- 9 || total
-------------------------+-------+-------+-------++-------
Melee: Hand axe          |    77 |   236 |   195 ||   508
       Bite              |     6 |    20 |    13 ||    39
       Punch             |       |     1 |     3 ||     4
Throw: Stone             |     7 |     5 |     3 ||    15
 Cast: Corona            |       |    27 |    10 ||    37
       Summon Small Mamm |       |       |     8 ||     8
Invok: Recite            |       |     1 |    17 ||    18
       Vitalisation      |       |     1 |     2 ||     3
  Use: Scroll            |       |     6 |     2 ||     8
       Potion            |       |     2 |     1 ||     3
 Stab: Sleeping          |    10 |     7 |       ||    17
       Distracted        |     1 |       |       ||     1
       Confused          |       |     1 |     1 ||     2
Armor: Robe              |     8 |    24 |       ||    32
       Leather armour    |       |    18 |    31 ||    49
Dodge: Dodged            |    50 |   194 |   169 ||   413
